 Dungeon Crawl Stone Soup version 0.19-a0-569-g984bae3 (webtiles) character file.

45 Charmandara the Gusty (level 3, 0/19 HPs)
             Began as a Tengu Air Elementalist on June 9, 2016.
             Slain by Robin
             ... wielding a +0 spear
              (2 damage)
             ... on level 2 of the Dungeon.
             The game lasted 00:03:50 (1791 turns).

Charmandara the Gusty (Tengu Air Elementalist)      Turns: 1791, Time: 00:03:50

Health: 0/19       AC:  2    Str:  8    XL:     3   Next: 64%
Magic:  2/7        EV: 10    Int: 16    God:
Gold:   42         SH:  0    Dex: 14    Spells: 2 memorised, 3 levels left

rFire  . . .     SeeInvis .     h - -1 dagger (curse)
rCold  . . .     Gourm    .     a - +0 robe
rNeg   . . .     Faith    .     (no shield)
rPois  .         Spirit   .     (helmet restricted)
rElec  .         Dismiss  .     (no cloak)
rCorr  .         Reflect  .     (no gloves)
SustAt .         Harm     .     (boots unavailable)
MR     .....                    (no amulet)
Stlth  ++........               (no ring)
                                d - -2 ring of evasion (curse)

@: repel missiles, not resistant to hostile enchantments, unstealthy
A: beak, talons 3
a: no special abilities


You were on level 2 of the Dungeon.
You were hungry.

You visited 1 branch of the dungeon, and saw 2 of its levels.

You collected 42 gold pieces.

Inventory:

Hand Weapons
 g - a +0 hand axe
   (You found it on level 1 of the Dungeon)
 h - a cursed -1 dagger (weapon)
   (You found it on level 1 of the Dungeon)
Armour
 a - a +0 robe (worn)
Jewellery
 d - a cursed -2 ring of evasion (left hand)
   (You found it on level 1 of the Dungeon)
Potions
 j - a potion of resistance
 k - a potion of curing {unknown}
Books
 b - a book of Air
Comestibles
 c - a bread ration {@e1}
 f - a slice of pizza
 i - 5 chunks of flesh {@w0}


   Skills:
 - Level 2.1 Dodging
 - Level 2.0 Stealth
 + Level 2.2 Spellcasting
 + Level 2.6 Conjurations
 * Level 1.0 Charms
 + Level 4.7 Air Magic


You had 3 spell levels left.
You knew the following spells:

 Your Spells              Type           Power        Failure   Level  Hunger
a - Shock                 Conj/Air       ##..         6%          1    #......
d - Repel Missiles        Chrm/Air       ##....       12%         2    ###....


Dungeon Overview and Level Annotations

Branches:
Dungeon (2/15)

Altars:

Annotations:
D:2 Robin


Innate Abilities, Weirdness & Mutations

You have a beak for a mouth.
You have claws for feet.


Message History

2 goblins come into view.
Unknown command.
You now have 15/28 hp.
Unknown command.
Aim: a goblin, wielding a dagger (unusually strong)
The zap hits the goblin.
The zap hits the hobgoblin.
The zap misses the hobgoblin.
The zap hits the hobgoblin.
The zap hits the goblin.
The goblin shouts!
The goblin hits you but does no damage. x2
You now have 4/7 mp.
Unknown command.
Aim: a goblin, wielding a dagger (moderately wounded, unusually strong)
The zap hits the goblin.
You kill the goblin!
The zap hits the hobgoblin. x2
You kill the hobgoblin!
The zap hits the hobgoblin.
You kill the hobgoblin!
The zap hits the goblin.
You kill the goblin!
The goblin hits you but does no damage.
A goblin comes into view. It is wielding a club.
You now have 3/7 mp.
Unknown command.
You closely miss the goblin.
The hobgoblin hits you but does no damage.
The goblin moves out of view.
The goblin hits you but does no damage.
You hit the goblin.
The hobgoblin hits you but does no damage.
The goblin hits you but does no damage.
You miss the goblin.
The goblin shouts!
Robin hits you but does no damage.
The hobgoblin hits you but does no damage.
The goblin hits you but does no damage.
You hit the goblin but do no damage. Robin hits you but does no damage.
The hobgoblin hits you but does no damage.
The goblin hits you but does no damage.
You barely miss the goblin. Robin hits you but does no damage.
The hobgoblin hits you but does no damage.
The goblin hits you but does no damage.
You barely miss the goblin.
The hobgoblin hits you but does no damage.
The goblin hits you but does no damage.
Aim: a hobgoblin (severely wounded, unusually strong)
The zap hits the hobgoblin.
You kill the hobgoblin!
The zap hits Robin.
The zap hits the goblin.
You kill the goblin!
Your transformation is almost over.
Robin hits you but does no damage. The goblin hits you but does no damage.
You now have 3/7 mp.
You barely miss the goblin. Robin hits you but does no damage.
The goblin hits you but does no damage.
You hit the goblin but do no damage.
The goblin no longer looks unusually strong. x2
Robin roars a battlecry!
The goblins go into a battle-frenzy!
Robin hits you but does no damage. The goblin hits you but does no damage.
You hit the goblin but do no damage. The goblin hits you but does no damage.
You hit the goblin.
You kill the goblin!
Robin throws the goblin at you! The goblin hits you but does no damage.
You closely miss the goblin. Robin hits you but does no damage.
The goblin barely misses you.
You barely miss the goblin. Robin hits you but does no damage.
You hit the goblin.
You kill the goblin!
Robin hits you but does no damage.
You cannot move.
Aim: Robin, wielding a spear, wearing an animal skin and wearing a helmet (lightly wounded)
The zap misses Robin.
You feel less woody.
Your +0 robe unmelds from your body.
Robin hits you but does no damage.
You now have 11/19 hp.
Aim: Robin, wielding a spear, wearing an animal skin and wearing a helmet (lightly wounded)
The zap hits Robin.
Robin misses you.
You now have 2/7 mp.
Items here: )) †† a club; a dagger; a goblin corpse x2
An ooze comes into view.
You are feeling hungry.
The ooze quivers.
You hit the ooze. You peck the ooze. The ooze hits you.
Robin hits you from afar with a spear.
You take 5 damage, and have 7/19 hp.
MASSIVE DAMAGE!!
Okay, then.
Aim: Robin, wielding a spear, wearing an animal skin and wearing a helmet (moderately wounded)
Okay, then.
Aim: Robin, wielding a spear, wearing an animal skin and wearing a helmet (moderately wounded)
The zap hits Robin.
The ooze barely misses you. Robin barely misses you.
You now have 3/7 mp.
Unknown command.
Aim: Robin, wielding a spear, wearing an animal skin and wearing a helmet (moderately wounded)
The zap hits Robin.
The ooze hits you.
* * * LOW HITPOINT WARNING * * *
Robin hits you from afar with a spear.
You die...

##
.############
###
.##..........
..#
.##.#########
#.#
.#.#.######
#J#
..###.....#
#@#
.#.#.####.#
#.#
.##.#####.#
#g#
.......##.#
#.#
....##.##.#
#.#
..........#
#.#
...######.#
#.#
....#####.#
#.#
........).####
#.#


You could see Robin and an ooze.

Vanquished Creatures
  A dart slug (D:1)
  2 giant geckos (D:2)
  A giant cockroach (D:1)
  13 goblins
  6 hobgoblins
  4 jackals (D:1)
  4 kobolds
  A bat (D:1)
  A giant newt (D:1)
  3 rats (D:1)
36 creatures vanquished.

Notes
Turn   | Place    | Note
--------------------------------------------------------------
     0 | D:1      | Charmandara the Tengu Air Elementalist began the quest for the Orb.
     0 | D:1      | Reached XP level 1. HP: 10/10 MP: 4/4
    95 | D:1      | Reached skill level 2 in Conjurations
   356 | D:1      | Reached XP level 2. HP: 15/15 MP: 1/6
   407 | D:1      | Learned a level 2 spell: Repel Missiles
  1451 | D:1      | Reached skill level 1 in Charms
  1523 | D:1      | Reached XP level 3. HP: 19/19 MP: 5/7
  1751 | D:2      | Noticed Robin
  1791 | D:2      | HP: 2/19 [ooze (5)]
  1791 | D:2      | Slain by Robin

Vault maps used:
D:1:      dpeg_arrival_chambers_temple_mockup, roderic_lattice_a
D:2:      feat_on_display, uniq_iyjb, uniq_robin

Skill      XL: |  1  2 |
---------------+-------+-----
Conjurations   | 2 |  2.6
Charms         | 1 |  1.0
Dodging        | |  2.1
Stealth        | |  2.0
Spellcasting   | |  2.2
Air Magic      | |  4.7

Action                   || total
-------------------------++-------
Melee: Hand axe          ||    36
       Kick              ||     8
       Unarmed           ||     1
       Peck              ||     5
       Dagger            ||    17
 Cast: Shock             ||    42
       Repel Missiles    ||     1
  Use: Scroll            ||     3
       Potion            ||     1
  Eat: Chunk             ||     3
Armor: Robe              ||    10
       Skin              ||    26
Dodge: Dodged            ||    41

Vault maps used:
D:1:      dpeg_arrival_chambers_temple_mockup, roderic_lattice_a
D:2:      feat_on_display, uniq_iyjb, uniq_robin

Table legend:
 A = Turns spent in this place as a percentage of turns spent in the entire game.
 B = Non-inter-level travel turns spent in this place as a percentage of non-inter-level travel turns spent in the entire game.
 C = Inter-level travel turns spent in this place as a percentage of turns spent in this place.
 D = Turns resting spent in this place as a percentage of non-inter-level travel turns spent in this place.
 E = Turns spent auto-exploring this place as a percentage of non-inter-level travel turns spent in this place.
 F = Non-inter-level travel turns spent in this place divided by the number of levels of this place that you've seen.
                   A       B       C       D       E      F
               +-------+-------+-------+-------+-------+----------------------
         Total | 100.0 | 100.0 |   0.2 |   6.2 |  10.1 | 202.5
       Dungeon | 100.0 | 100.0 |   0.2 |   6.2 |  10.1 | 202.5
               +-------+-------+-------+-------+-------+----------------------

Table legend:
 A = Kills in this place as a percentage of kills in entire the game.
 B = Kills by you in this place as a percentage of kills by you in the entire game.
 C = Kills by friends in this place as a percentage of kills by friends in the entire game.
 D = Other kills in this place as a percentage of other kills in the entire game.
 E = Experience gained in this place as a percentage of experience gained in the entire game.
 F = Experience gained in this place divided by the number of levels of this place that you have seen.
                   A       B       C       D       E      F
               +-------+-------+-------+-------+-------+----------------------
         Total | 100.0 | 100.0 |  -nan |  -nan | 100.0 |  32.5
       Dungeon | 100.0 | 100.0 |  -nan |  -nan | 100.0 |  32.5
               +-------+-------+-------+-------+-------+----------------------
